 Dungeon Crawl Stone Soup version 0.28.0-45-g0d030f2227 (webtiles) character file.

Game seed: 14931215155323738189

244 issech the Cudgeller (level 5, 0/53 HPs)
             Began as a Troll Monk on Apr 18, 2022.
             Slain by a phantom (6 damage)
             ... on level 6 of the Dungeon.
             The game lasted 00:11:11 (4145 turns).

issech the Cudgeller (Troll Monk)                   Turns: 4145, Time: 00:11:12

Health: 0/53       AC:  4    Str: 19    XL:     5   Next: 83%
Magic:  4/4        EV: 11    Int:  6    God:
Gold:   227        SH:  0    Dex: 14    Spells: 4/4 levels left

rFire   . . .      SeeInvis .   h - +2 dagger (drain)
rCold   . . .      Faith    .   (no shield)
rNeg    . . .      Spirit   .   b - +0 robe
rPois   .          Reflect  .   (helmet restricted)
rElec   .          Harm     .   (no cloak)
rCorr   .          Rampage  .   (gloves unavailable)
Will    .....                   (boots unavailable)
Stlth   ++........              (no amulet)
HPRegen 0.97/turn               (no ring)
MPRegen 0.09/turn               (no ring)

@: no status effects
A: large, unfitting armour, claws 3, regeneration 1, shaggy fur 1, tough skin 1
a: no special abilities


You were on level 6 of the Dungeon.
You visited 1 branch of the dungeon, and saw 6 of its levels.

You collected 227 gold pieces.

Inventory:

Hand Weapons
 a - a +0 mace
 h - a +2 dagger of draining (weapon)
Missiles
 f - 65 sling bullets
 i - 13 arrows
 j - 151 stones
 s - 6 poisoned darts (quivered)
Armour
 b - a +0 robe (worn)
Magical Staves
 t - a staff of conjuration
Jewellery
 x - a ring of fire
Wands
 w - a wand of flame (13)
 y - a wand of iceblast (7)
Scrolls
 c - 3 scrolls of identify {unknown}
 k - a scroll of silence {unknown}
 l - 2 scrolls of magic mapping {unknown}
 p - a scroll of blinking {unknown}
 v - a scroll of immolation {unknown}
Potions
 d - 2 potions of degeneration {unknown}
 e - 3 potions of curing {unknown}
 g - 2 potions of cancellation {unknown}
 m - 2 potions of invisibility {unknown}
 n - a potion of heal wounds {unknown}
 o - 2 potions of brilliance {unknown}
 q - 2 potions of mutation {unknown}
 r - 2 potions of attraction {unknown}
 u - a potion of might {unknown}


   Skills:
 + Level 3.2 Fighting
 + Level 1.9 Short Blades
 + Level 3.5 Maces & Flails
 + Level 1.0 Throwing
 + Level 3.3 Dodging
 + Level 1.5 Stealth


You had 4 spell levels left.
You didn't know any spells.
Your spell library contained the following spells:

 Spells                   Type           Power      Damage    Failure   Level
 Slow                     Hex            0%         N/A       45%         1
 Confusing Touch          Hex            0%         N/A       83%         3
 Vampiric Draining        Necr           0%         2d6       83%         3
 Yara's Violent Unravell  Hex/Tmut       0%         3d3       100%        5
 Enfeeble                 Hex            0%         N/A       100%        7


Dungeon Overview and Level Annotations

Branches:
Dungeon (6/15)
 Temple: D:4-7

Altars:
Nemelex Xobeh

Shops:
D:4 =

Annotations:
D:4 Menkaure


Innate Abilities, Weirdness & Mutations

You are too large for most types of armour.
You have claws for hands.
Your natural rate of healing is unusually fast.
You are covered in fur. (AC +1)
You have tough skin. (AC +1)


Message History

The phantom is moderately damaged.
The phantom hits you.
You hit the phantom.
The phantom is moderately damaged.
The phantom misses you.
You hit the phantom but do no damage.
The phantom is moderately damaged.
The phantom hits you.
The phantom blinks!
You blink.
You barely miss the phantom.
The phantom is moderately damaged.
The phantom misses you. The iguana bites you.
You hit the phantom.
The phantom is moderately damaged.
The phantom misses you. The iguana bites you!
You hit the phantom.
The phantom is moderately damaged.
The phantom closely misses you. The iguana bites you.
You hit the phantom.
The phantom is heavily damaged.
The phantom hits you but does no damage.
The iguana bites you!
* * * LOW HITPOINT WARNING * * *
You hit the phantom but do no damage.
The phantom is heavily damaged.
The phantom hits you!
* * * LOW HITPOINT WARNING * * *
The iguana bites you.
* * * LOW HITPOINT WARNING * * *
The iguana barely misses you.
You see here 14 arrows.
The phantom hits you.
* * * LOW HITPOINT WARNING * * *
There is a stone staircase leading down here.
The iguana bites you!
* * * LOW HITPOINT WARNING * * *
You climb downwards.
There is a stone staircase leading up here.
A wight comes into view.
It is wielding a +3 long sword of freezing.
The phantom hits you.
You die...

## #.h
#..#####
#......#
#......# ##.
#....W.##.....
#.<@.......
#.l####.z.#
#..# z #..#
#... ##.# #.#
#.#


You could see a phantom, an iguana, a hound (asleep) and 2 wights.

Vanquished Creatures
  A bullfrog (D:4)
  A hound (D:4)
  An iguana (D:3)
  A hound skeleton (D:3)
  3 adders
  An ufetubus (D:4)
  An adder skeleton (D:4)
  2 worms (D:2)
  2 dart slugs
  An orc (D:4)
  2 bats
  4 endoplasms
  4 giant cockroaches
  5 goblins
  3 hobgoblins
  6 jackals (D:1)
  3 quokkas
  4 ball pythons
  4 frilled lizards
  9 kobolds
  6 rats
64 creatures vanquished.

Notes
Turn   | Place    | Note
-------+----------+-------------------------------------------
     0 | D:1      | issech the Troll Monk began the quest for the Orb.
     0 | D:1      | Reached XP level 1. HP: 22/22 MP: 0/0
    28 | D:1      | Found a faded altar of an unknown god.
   279 | D:1      | Reached XP level 2. HP: 29/29 MP: 1/1
  1033 | D:2      | Reached XP level 3. HP: 34/36 MP: 2/2
  1714 | D:3      | Reached XP level 4. HP: 38/44 MP: 3/3
  1832 | D:3      | Found a sparkling altar of Nemelex Xobeh.
  2811 | D:4      | Reached skill level 1 in Short Blades
  2811 | D:4      | Reached XP level 5. HP: 52/53 MP: 4/4
  2967 | D:4      | Found Xemesal's Jewellery Shop.
  3227 | D:4      | Noticed Menkaure
  3538 | D:4      | Reached skill level 1 in Throwing
  3898 | D:5      | Entered Level 5 of the Dungeon
  3938 | D:5      | Noticed a two-headed ogre
  4025 | D:5      | Noticed a black bear
  4103 | D:5      | Noticed a phantom
  4145 | D:6      | Slain by a phantom

Illustrated notes

Levels and vault maps discovered:
D:1:      saegor_arrival_simple_d, layout_loops_corners,
          dreamdust_ecumenical_altar_hidden_monk_grotto
D:2:      layout_basic, st_stairs_2
D:3:      layout_basic, nemelex_altar_shiori
D:4:      layout_layer_cave, serial_shops, shop, uniq_menkaure
D:5:      layout_cave_pools, sigmund_army
D:6:      layout_basic, mainiacjoe_overflow_catwalk, makhleb_altar_promises_db,
          nicolae_overflow_quartered_altars, minmay_temple_entry_poolview,
          serial_rivers, chequers_serial_rivers_room_b,
          chequers_serial_rivers_room_b, chequers_serial_rivers_marsh,
          chequers_serial_rivers_micro_d, amethyst_killhole,
          nicolae_alphabet_shops, uniq_sigmund

Skill      XL: |  1  2  3  4  5 |
---------------+----------------+-----
Maces & Flails | 3 |  3.5
Dodging        | 3 |  3.3
Fighting       | 3 |  3.2
Short Blades   | 1 |  1.9
Throwing       | 1 |  1.0
Stealth        | |  1.5

Action                   |  1- 3 |  4- 6 || total
-------------------------+-------+-------++-------
Melee: Mace              |    51 |       ||    51
       Dagger            |    56 |   119 ||   175
       Punch             |       |     1 ||     1
Throw: Stone             |    22 |    17 ||    39
       Dart              |       |     2 ||     2
 Stab: Sleeping          |     3 |     1 ||     4
Armor: Robe              |    34 |    30 ||    64
Dodge: Dodged            |    64 |    72 ||   136
